 Dungeon Crawl Stone Soup version 0.31-a0-175-g9f7f995f2b (webtiles) character file.

Game seed: 17947491953537531104

14520 frimble the Nimble (level 12, -7/83 HPs)
             Began as an Octopode Warper on June 17, 2023.
             Was a High Priest of Cheibriados.
             Mangled by a komodo dragon (23 damage)
             ... on level 1 of the Lair of Beasts.
             The game lasted 00:17:46 (12569 turns).

frimble the Nimble (Octopode Warper)               Turns: 12569, Time: 00:17:46

Health: -7/83      AC:  5    Str: 29    XL:     12   Next: 17%
Magic:  10/16      EV: 20    Int: 29    God:    Cheibriados [*****.]
Gold:   200        SH:  0    Dex: 23    Spells: 5/17 levels left

rFire   + .          .
                       - Unarmed
rCold   . . .        (no shield)
rNeg    . . .        (helmet restricted)
rPois   .            z - amulet of regeneration
rElec   .            g - +6 ring of strength
rCorr   .            h - ring of protection from fire
SInv    .            t - +4 ring of protection
Will    .....        (no ring)
Stlth   ++++         (no ring)
HPRegen 1.13/turn    (no ring)
MPRegen 0.15/turn    (no ring)
                     (no ring)

%: no passive effects
@: slowed, very slow
A: almost no armour, amphibious, 8 rings, camouflage 1, gelatinous body 1,
(nimble swimmer 1), tentacles
a: Renounce Religion, Bend Time, Temporal Distortion, Slouch, Step From Time


You were on level 1 of the Lair of Beasts.
You worshipped Cheibriados.
Cheibriados was extremely pleased with you.
You visited 2 branches of the dungeon, and saw 11 of its levels.

You collected 609 gold pieces.
You spent 409 gold pieces at shops.

Inventory:

Jewellery
 g - a +6 ring of strength (left tentacle)
 h - a ring of protection from fire (right tentacle)
 t - a +4 ring of protection (on tentacle)
 z - an amulet of regeneration (around mantle)
 B - a ring of protection from fire
Wands
 l - a wand of charming (11)
 w - a wand of flame (43)
 A - a wand of digging (7)
 D - a wand of mindburst (4)
Scrolls
 a - a scroll of blinking
 c - 3 scrolls of fog
 o - 5 scrolls of amnesia
 p - a scroll of fear
 q - 2 scrolls of revelation
 u - a scroll of poison
 v - 3 scrolls of identify
 x - a scroll of vulnerability
 y - a scroll of enchant armour
Potions
 b - a potion of curing {unknown}
 d - 2 potions of heal wounds
 f - 6 potions of attraction
 i - 3 potions of might
 j - 3 potions of haste
 k - 2 potions of lignification
 m - 3 potions of berserk rage
 n - 3 potions of enlightenment {unknown}
 r - a potion of invisibility {unknown}
 s - a potion of resistance


   Skills:
 + Level 8.2 Fighting
 - Level 1.2 Throwing
 + Level 8.3 Dodging
 - Level 5.0 Stealth
 - Level 7.0 Unarmed Combat
 - Level 3.1 Spellcasting
 - Level 5.0 Translocations
 + Level 6.8 Transmutations
 + Level 6.8 Earth Magic
 + Level 7.4 Poison Magic
 - Level 4.6 Invocations
 - Level 4.6 Evocations


You had 5 spell levels left.
You knew the following spells:

 Your Spells              Type           Power      Damage    Failure   Level
a - Blink                 Tloc           66%        N/A       1%          2
b - Statue Form           Tmut/Erth      28%        N/A       58%         6
c - Olgreb's Toxic Radia  Pois           47%        N/A       3%          4

Your spell library contained the following spells:

 Spells                   Type           Power      Damage    Failure   Level
 Sting                    Tmut/Pois      100%       1d8       1%          1
 Lesser Beckoning         Tloc           66%        N/A       1%          2
 Poisonous Vapours        Pois/Air       52%        N/A       2%          2
 Teleport Other           Tloc           33%        N/A       3%          3
 Petrify                  Tmut/Erth      43%        N/A       4%          4
 Slow                     Hex            16%        N/A       8%          1
 Mephitic Cloud           Conj/Pois/Air  18%        N/A       9%          3
 Vhi's Electric Charge    Tloc/Air       36%        N/A       9%          3
 Manifold Assault         Tloc           33%        N/A       10%         4
 Sublimation of Blood     Necr           4%         N/A       12%         2
 Confusing Touch          Hex            4%         N/A       22%         3
 Vampiric Draining        Necr           4%         2d6       22%         3
 Irradiate                Conj/Tmut      12%        3d15      45%         5
 Freezing Cloud           Conj/Ice/Air   2%         6-21      91%         5
 Metabolic Englaciation   Hex/Ice        2%         N/A       91%         5


Dungeon Overview and Level Annotations

Branches:
Dungeon (10/15)            Temple (0/1) D:6            Lair (1/5) D:8
    Orc (0/2) D:9

Altars:
Cheibriados
Fedhas
Gozag
Qazlal
Uskayaw

Shops:
D:2 :!*   D:9 =[[*:

Annotations:
D:1 2 transporters
D:5 1 runed translucent door, AwFulAwFulPlayer's ghost, novice OpMo


Innate Abilities, Weirdness & Mutations

You cannot wear most types of armour.
You are amphibious.
You can wear up to eight rings at the same time.
Your skin changes colour to match your surroundings (Stealth+).
Your rubbery body absorbs attacks. (AC +1, EV +1)
((You are camouflaged when in or above water. (Stealth+)))
You have tentacles for arms and can constrict up to eight enemies at once.


Message History

Aiming: Bolt of Light
Press: ? - help, Shift-Dir - straight line, f - komodo dragon
Aim: a komodo dragon (severely wounded, 81% to hit)
The bolt of light hits the komodo dragon.
The komodo dragon is severely wounded.
The komodo dragon is blinded.
The now-empty wand crumbles to dust.
A torpor snail comes into view.
Being near the torpor snail leaves you feeling lethargic.
Okay, then.
Okay, then.
You feel stable enough to blink again.
Aiming: Mindburst
Press: ? - help, Shift-Dir - straight line, f - torpor snail
Aim: a torpor snail (chance to affect: 32%)
The torpor snail easily resists.
As you read the scroll of fear, it crumbles to dust.
You assume a fearsome visage.
The torpor snail looks frightened!
The torpor snail seems to regain its courage.
You feel yourself speed up.
Being near the torpor snail leaves you feeling lethargic.
You feel yourself speed up.
Being near the torpor snail leaves you feeling lethargic.
The torpor snail misses you.
The torpor snail attacks as you move away!
The torpor snail bites you! The torpor snail bites you!!
* * * LOW HITPOINT WARNING * * *
The komodo dragon hisses angrily.
The torpor snail bites you!
* * * LOW HITPOINT WARNING * * *
The komodo dragon bites you.
* * * LOW HITPOINT WARNING * * *
The torpor snail completely misses you. The komodo dragon closely misses you.
The komodo dragon barely misses you. The torpor snail barely misses you.
The komodo dragon misses you. The komodo dragon barely misses you.
The torpor snail misses you.
The torpor snail attacks as you move away!
The torpor snail misses you. The komodo dragon closely misses you.
The komodo dragon bites you!!
You die...

####..###....##..##.....#..###
# ##...#.#...##.##....####.## #
##......#P...#.#.....# #..#
###............#.#...#.# ####
......>###.........#.#.###
.......##...........#....#
........#...........###..#
......###.......lw...##.#####
..##..##........@....##..#..###
.......~.~~..^...###...÷†.#.#.#
.....~~~~~~~.~...###....†....##
P###..~≈≈≈≈~≈~....##.....#..#.#
.###.~~≈≈≈~~≈~..........###.###
...#~~≈≈~~~≈≈~.........#.####
.....≈≈≈~<.≈≈~~.........#...#
.###~~≈~~.~≈≈~~..........####
.# #.~~~~≈≈≈≈~.#........##


You could see a torpor snail and a komodo dragon.

Vanquished Creatures
  2 two-headed ogres (D:10)
  The ghost of AwFulAwFulPlayer the Trooper, a novice DsCK of Xom (D:7)
  3 elephants (Lair:1)
  A black mamba (Lair:1)
  2 cane toads (Lair:1)
  3 torpor snails (Lair:1)
  A gargoyle (D:10)
  4 komodo dragons (Lair:1)
  2 kobold demonologists (D:10)
  An unseen horror (D:10)
  A hornet (D:9)
  Sigmund (D:2)
  A wraith (D:10)
  A wyvern (D:8)
  10 yaks
  A basilisk (Lair:1)
  Grum (D:10)
  A steam dragon (D:8)
  7 water moccasins
  3 orc warriors
  4 ice beasts
  2 sky beasts
  4 ogres
  A centaur (D:9)
  9 wolves
  3 kobold brigands
  2 bullfrogs
  2 scorpions
  5 wights (D:8)
  18 killer bees
  7 howler monkeys
  A hound (D:5)
  6 orc priests
  A gnoll bouda (D:7)
  An iron imp (D:3)
  Jessica (D:3)
  6 iguanas
  Ijyb (D:3)
  9 orc wizards
  2 sleepcaps
  8 gnolls
  7 adders
  A shadow imp (D:6)
  2 ufetubi (D:7)
  A worm (D:2)
  34 orcs
  7 ball pythons
  8 endoplasms
  5 giant cockroaches
  5 goblins
  7 hobgoblins
  2 quokkas
  8 bats
  3 frilled lizards
  13 kobolds
  6 rats
249 creatures vanquished.

Vanquished Creatures (collateral kills)
  A howler monkey (D:5)
  An iguana (D:5)
2 creatures vanquished.

Vanquished Creatures (others)
  A yak (D:9)
1 creature vanquished.

Grand Total: 252 creatures vanquished

Notes
Turn   | Place    | Note
-------+----------+-------------------------------------------
     0 | D:1      | frimble the Octopode Warper began the quest for the Orb.
     0 | D:1      | Reached XP level 1. HP: 14/14 MP: 3/3
    19 | D:1      | Reached XP level 2. HP: 12/19 MP: 5/5
    22 | D:1      | Learned a level 2 spell: Blink
   317 | D:1      | Found a faded altar of an unknown god.
   390 | D:1      | Reached XP level 3. HP: 13/24 MP: 6/6
   799 | D:2      | Noticed Sigmund
   807 | D:2      | Killed Sigmund
   808 | D:2      | Reached skill level 5 in Unarmed Combat
   808 | D:2      | Reached XP level 4. HP: 3/29 MP: 7/7
   808 | D:2      | Reached XP level 5. HP: 4/34 MP: 8/8
  1024 | D:2      | Found Qomuh's Assorted Antiques.
  1027 | D:2      | Bought a scroll labelled KEHIAS CIRISINTI for 25 gold
                  | pieces
  1308 | D:2      | Found Vyica Umy's Distillery.
  1539 | D:2      | Reached XP level 6. HP: 32/39 MP: 9/9
  1689 | D:2      | Found Siogh's Book Shop.
  1863 | D:3      | Found a snail-covered altar of Cheibriados.
  1875 | D:3      | Became a worshipper of Cheibriados the Contemplative
  2070 | D:3      | Noticed Ijyb
  2088 | D:3      | Killed Ijyb
  2137 | D:3      | Found a stormy altar of Qazlal.
  2137 | D:3      | Noticed Jessica
  2143 | D:3      | Killed Jessica
  2339 | D:3      | Reached * piety under Cheibriados
  2732 | D:4      | Reached XP level 7. HP: 31/45 MP: 10/10
  3372 | D:5      | Entered Level 5 of the Dungeon
  3379 | D:5      | Reached skill level 1 in Evocations
  3469 | D:5      | Reached skill level 1 in Stealth
  3469 | D:5      | Reached skill level 1 in Invocations
  3694 | D:5      | Reached ** piety under Cheibriados
  3720 | D:5      | Reached XP level 8. HP: 25/52 MP: 11/11
  4239 | D:5      | Found a runed translucent door.
  4243 | D:5      | Noticed AwFulAwFulPlayer's ghost (novice OpMo)
  4514 | D:6      | You fall into a shaft and drop 1 floor!
  4764 | D:7      | Found a runed translucent gate.
  4764 | D:7      | Found a runed translucent gate.
  4764 | D:7      | Noticed AwFulAwFulPlayer's ghost (novice DsCK)
  4765 | D:7      | Found a runed translucent gate.
  4950 | D:6      | Found a staircase to the Ecumenical Temple.
  4975 | D:6      | Reached XP level 9. HP: 53/58 MP: 12/12
  5332 | D:6      | Reached skill level 5 in Stealth
  5520 | D:6      | Learned a level 6 spell: Statue Form
  5886 | D:7      | Reached skill level 5 in Translocations
  5886 | D:7      | Reached skill level 1 in Transmutations
  5886 | D:7      | Reached skill level 1 in Earth Magic
  5985 | D:7      | Reached *** piety under Cheibriados
  6633 | D:8      | Found a blossoming altar of Fedhas.
  6666 | D:8      | Found a staircase to the Lair.
  6894 | D:8      | Reached skill level 5 in Dodging
  7582 | D:8      | Reached skill level 5 in Fighting
  7611 | D:8      | Identified the +3 long sword of Fativar {flame, *Rage rPois
                  | rN+}
  8076 | D:9      | Learned a level 4 spell: Olgreb's Toxic Radiance
  8126 | Lair:1   | Entered Level 1 of the Lair of Beasts
  8136 | Lair:1   | Noticed a torpor snail
  8164 | Lair:1   | Reached skill level 1 in Poison Magic
  8381 | D:10     | Entered Level 10 of the Dungeon
  8409 | D:10     | Reached XP level 10. HP: 66/66 MP: 14/14
  8608 | D:10     | Noticed a kobold demonologist
  8613 | D:10     | Noticed a kobold demonologist
  8619 | D:10     | Killed a kobold demonologist
  8622 | D:10     | Reached **** piety under Cheibriados
  8624 | D:10     | Noticed an orange demon
  8635 | D:10     | Killed a kobold demonologist
  8686 | D:10     | Killed an unseen horror
  9062 | D:9      | Found a staircase to the Orcish Mines.
  9266 | D:9      | Found Idivir's Armour Shop.
  9285 | D:9      | Found Maaposig's Assorted Antiques.
  9292 | D:9      | Bought a ruby potion for 24 gold pieces
  9658 | D:9      | Found Rynk's Armour Emporium.
  9670 | D:9      | Reached ***** piety under Cheibriados
  9760 | D:9      | Found Numewkim's Jewellery Shoppe.
  9768 | D:9      | Bought an amulet of regeneration for 360 gold pieces
  9976 | D:9      | Found a hide-covered altar of Uskayaw.
 10098 | D:9      | Found Saan's Book Boutique.
 10122 | D:9      | Reached XP level 11. HP: 72/74 MP: 10/15
 10256 | D:9      | Found an opulent altar of Gozag.
 10444 | D:7      | Reached skill level 5 in Transmutations
 10444 | D:7      | Reached skill level 5 in Poison Magic
 10458 | D:7      | Killed AwFulAwFulPlayer's ghost
 10459 | D:7      | Reached skill level 5 in Earth Magic
 10625 | D:10     | Noticed Grum
 10629 | D:10     | Killed Grum
 10756 | D:10     | Noticed a two-headed ogre
 10778 | D:10     | Killed a two-headed ogre
 10886 | D:10     | Noticed a two-headed ogre
 10898 | D:10     | Killed a two-headed ogre
 11821 | Lair:1   | Identified the ring "Kelo Puk" {Will- rCorr Dex+5}
 12108 | Lair:1   | Reached XP level 12. HP: 54/82 MP: 4/16
 12535 | Lair:1   | Found a snail-covered altar of Cheibriados.
 12544 | Lair:1   | HP: 4/82 [torpor snail (10)]
 12569 | Lair:1   | Mangled by a komodo dragon

Illustrated notes

Levels and vault maps discovered:
D:1:      spicycebolla_arrival_transporter_tutorial, layout_loops_ring,
          basic_ecumenical_altar
D:2:      layout_loops_corners, serial_shops, nicolae_shop_window_shopping,
          nicolae_diamond_shop, nicolae_shop_behind_doors, uniq_sigmund
D:3:      layout_basic, mainiacjoe_overflow_paths, slow_altar_2, nrook_campfire,
          uniq_jessica, uniq_ijyb
D:4:      layout_loops_cross
D:5:      layout_basic, gammafunk_ghost_grave
D:6:      nicolae_cairo_tiling_large, layout_basic, minmay_temple_entry_grid
D:7:      layout_basic, gammafunk_ghost_split, minivault_25
D:8:      layout_basic, fedhas_altar_fruit_tree, lair_entry_dummy,
          serial_aquarium, aquarium_bridge_square [aquarium_subvault_bridge,
          aquarium_subvault_balcony, aquarium_subvault_bridge,
          aquarium_subvault_bridge], aquarium_bridge_square
          [aquarium_subvault_bridge, aquarium_subvault_window,
          aquarium_subvault_wall, aquarium_subvault_bridge], aquarium_window_3,
          aquarium_window_1, aquarium_view_2e
D:9:      layout_irregular_city, grunt_gozag_breadcrumbs,
          nicolae_uskayaw_suspiria, david_orc_2, serial_shops,
          nicolae_shop_gibbet_a_chance, nicolae_lakefront_shop, shop, shop,
          nicolae_shop_peninsula
D:10:     layout_loops_ring, st_stairs_2, minivault_19, uniq_grum
Lair:1:   layout_layer_cave, kennysheep_snail_temple,
          infiniplex_staircase_pool_2

Skill      XL: |  1  2  3  4  5  6  7  8  9 10 11 12 |
---------------+-------------------------------------+-----
Unarmed Combat | 5 7 |  7.0
Evocations     | 1 3 4 |  4.6
Stealth        | 2 4 5 |  5.0
Invocations    | 1 3 4 |  4.6
Dodging        | 3 4 5 6 8 |  8.3
Fighting       | 3 4 5 6 7 8 |  8.2
Translocations | 4 5 |  5.0
Transmutations | 2 4 6 |  6.8
Earth Magic    | 2 4 6 |  6.8
Spellcasting   | 3 |  3.1
Poison Magic   | 1 4 7 |  7.4
Throwing       | |  1.2

Action                     |  1- 3 |  4- 6 |  7- 9 | 10-12 || total
---------------------------+-------+-------+-------+-------++-------
  Melee: Unarmed           |    45 |    84 |   242 |   251 ||   622
         Tentacles         |    10 |    13 |    52 |    85 ||   160
         Constrict         |    13 |    18 |    49 |    39 ||   119
         Punch             |     3 |     3 |     7 |    17 ||    30
  Throw: Boomerang         |       |     3 |     4 |       ||     7
   Cast: Blink             |       |     1 |     2 |    15 ||    18
         Olgreb's Toxic Ra |       |       |       |    28 ||    28
 Invoke: Slouch            |       |       |       |     3 ||     3
  Evoke: Wand              |       |       |     6 |     9 ||    15
    Use: Scroll            |     3 |     6 |     4 |     7 ||    20
         Potion            |     1 |       |       |     2 ||     3
   Stab: Sleeping          |     3 |    13 |    15 |     7 ||    38
         Invisible         |       |       |     2 |     3 ||     5
         Distracted        |       |       |       |     1 ||     1
 Armour: Skin              |     8 |     4 |    19 |    47 ||    78
  Dodge: Dodged            |    26 |    43 |   133 |   231 ||   433

Table legend: (Time is in decaauts)
 A = Elapsed time spent in this place.
 B = Non-inter-level travel time spent in this place.
 C = Inter-level travel time spent in this place.
 D = Time resting spent in this place.
 E = Time spent auto-exploring this place.
 F = Levels seen in this place.
 G = Mean time per level.
                   A        B        C        D        E       F      G
               +--------+--------+--------+--------+--------+-----+--------+
         Total |  16449 |  15401 |   1048 |    128 |  13068 |  11 | 1495.4 |
       Dungeon |  14336 |  13290 |   1046 |    128 |  11387 |  10 | 1433.6 |
          Lair |   2113 |   2111 |      2 |      0 |   1681 |   1 | 2113.0 |
               +--------+--------+--------+--------+--------+-----+--------+

Top non-repeatable levels by time:
     D:8: 2757 daAuts
  Lair:1: 2113 daAuts
     D:9: 1934 daAuts
    D:10: 1778 daAuts
     D:5: 1455 daAuts
     D:7: 1454 daAuts
     D:6: 1196 daAuts
     D:2: 1068 daAuts
     D:4: 1066 daAuts
     D:3: 863 daAuts
     D:1: 760 daAuts
